 Dungeon Crawl Stone Soup version 0.31.0-11-ge490571c62 (webtiles) character file.

Game seed: 10633916949300304561

1 Arcadio the Sneak (level 1, -1/18 HPs)
             Began as a Merfolk Delver on Jan 27, 2024.
             Slain by a hound (3 damage)
             ... on level 3 of the Dungeon.
             The game lasted 00:01:07 (172 turns).

Arcadio the Sneak (Merfolk Delver)                   Turns: 172, Time: 00:01:08

Health: -1/18      AC:  3    Str: 12    XL:     1   Next: 20%
Magic:  1/1        EV: 12    Int:  9    God:
Gold:   9          SH:  0    Dex: 15    Spells: 0/0 levels left

rFire   . . .        a - +0 spear
rCold   . . .        (no shield)
rNeg    . . .        b - +0 leather armour
rPois   .            (no helmet)
rElec   .            (no cloak)
rCorr   .            (no gloves)
SInv    .            (no boots)
Will    .....        h - amulet of the acrobat
Stlth   +++          (no ring)
HPRegen 0.23/turn    (no ring)
MPRegen 0.07/turn

%: acrobat
@: no status effects
A: (nimble swimmer 2), mertail
a: no special abilities


You were on level 3 of the Dungeon.
You visited 1 branch of the dungeon, and saw 3 of its levels.

You collected 9 gold pieces.

Inventory:

Hand Weapons
 a - a +0 spear (weapon)
Armour
 b - a +0 leather armour (worn)
Jewellery
 h - an amulet of the acrobat (around neck)
Wands
 g - a wand of digging (3)
Scrolls
 c - a scroll of fog
 d - a scroll of revelation
 e - a scroll of fear
Potions
 f - a potion of haste


   Skills:
 + Level 3.3 Fighting
 + Level 2.7 Polearms
 + Level 2.7 Dodging
 - Level 5.4 Stealth


You couldn't memorise any spells.
You didn't know any spells.
Your spell library was empty.

Dungeon Overview and Level Annotations

Branches:
Dungeon (5/15)
 Temple: D:4-7

Altars:

Shops:
D:5 *

Annotations:
D:4 Grinder


Innate Abilities, Weirdness & Mutations

((You are very nimble when in or above water. (Stealth+, EV+, Speed+++)))
Your lower body shifts to a powerful aquatic tail in water.


Message History

Grinder says, "Don't move a muscle."
Grinder blinks!
Grinder gestures at you.
You struggle to resist.
Grinder gestures at you. Pain shoots through your body!
Ouch! That really hurt!
You open the door. Grinder gestures at you.
You suddenly lose the ability to move!
You can move again.
There is an open door here.
You close the door.
Grinder breaks down the door.
A hound and an endoplasm come into view.
As you open the door, it creaks loudly!
The endoplasm quivers.
You hear a bark!
You hear a shout!
There is an open door here.
Grinder gestures at you.
You struggle to resist.
Grinder gestures at you.
You barely resist. The hound closely misses you. The hound closely misses you.
The hound misses you.
Grinder says, "Don't move a muscle."
Grinder gestures at you. Pain shoots through your body!
Ouch! That really hurt!
The hound completely misses you. The hound completely misses you.
The hound attacks as it pursues you! The hound completely misses you.
The hound misses you.
Grinder blinks!
There is a stone staircase leading up here.
The hound bites you.
* * * LOW HITPOINT WARNING * * *
You climb upwards.
There is a stone staircase leading down here.
You barely miss the hound. The hound bites you.
You die...

####..#
......# .
#.#.#.#.#
##.#.....
#......#
#......###
#.........
#@h....#
######.#


You could see a hound.

Vanquished Creatures
  An endoplasm (D:4)
1 creature vanquished.

Notes
Turn   | Place    | Note
-------+----------+-------------------------------------------
     0 | D:5      | Arcadio the Merfolk Delver began the quest for the Orb.
     0 | D:5      | Reached XP level 1. HP: 18/18 MP: 1/1
    33 | D:5      | Noticed a hound
    72 | D:5      | Found Hegorig's Elemental Accessories.
    74 | D:5      | Noticed an iguana
   128 | D:4      | Noticed Grinder
   132 | D:4      | Paralysed by Grinder for 2 turns
   144 | D:4      | Paralysed by Grinder for 3 turns
   150 | D:4      | Noticed a hound
   172 | D:3      | Slain by a hound

Illustrated notes

Levels and vault maps discovered:
D:3:      layout_basic, okawaru_ov_weapons_minmay, minitemple,
          mainiacjoe_overflow_boulevard, uniq_jessica
D:4:      layout_gridville, kennysheep_generic_room_6, uniq_pikel, uniq_grinder
D:5:      layout_rooms, lemuel_zombie_altar_yredelemnul, trog_butcher_becter,
          nicolae_elemental_shop

Action                     || total
---------------------------++-------
  Melee: Spear             ||     3
   Stab: Sleeping          ||     1
 Armour: Leather armour    ||     2
  Dodge: Dodged            ||     7
